 Dungeon Crawl Stone Soup version 0.29.1-2-gbd0b4ee654 (webtiles) character file.

Game seed: 6048530707470855261

124368 Firos the Stickfighter (level 16, -1/146 HPs)
             Began as a Minotaur Gladiator on Nov 10, 2022.
             Was the Champion of Okawaru.
             Slain by a merfolk
             ... wielding a +0 trident
              (11 damage)
             ... on level 4 of the Shoals.
             The game lasted 01:12:51 (25817 turns).

Firos the Stickfighter (Minotaur Gladiator)        Turns: 25817, Time: 01:12:52

Health: -1/146     AC: 25    Str: 23    XL:     16   Next: 39%
Magic:  8/13       EV: 15    Int:  5    God:    Okawaru [******]
Gold:   1310       SH:  0    Dex: 22    Spells: 15/15 levels left

rFire   + . .      SeeInvis .   a - +3 lajatang (venom)
rCold   + + +      Faith    .   (shield currently unavailable)
rNeg    + . .      Spirit   .   v - +2 plate armour {rN+}
rPois   +          Reflect  .   Y - +1 hat
rElec   +          Harm     .   r - scarf {rC+ rF+}
rCorr   .          Rampage  .   n - +2 pair of gloves {Str+3}
Will    ++...                   x - +1 pair of boots "Othruttul" {rPois Will+ MP-9 Dex+3}
Stlth   ..........              u - amulet of regeneration
HPRegen 1.14/turn               I - ring of Fubez {rElec rC+ Slay+4}
MPRegen 0.13/turn               E - ring "Feyv" {Fly rC+}

@: finesse-ful, flying
A: horns 2, retaliatory headbutt
a: Renounce Religion, Heroism, Finesse, Duel


You were on level 4 of the Shoals.
You worshipped Okawaru.
Okawaru was exalted by your worship.
You visited 4 branches of the dungeon, and saw 24 of its levels.
You visited 1 bazaar.
You also visited: Bailey, Gauntlet and Volcano.

You collected 1997 gold pieces.
You spent 687 gold pieces at shops.

Inventory:

Hand Weapons
 a - a +3 lajatang of venom (weapon)
 b - a +4 longbow of freezing
 c - a +5 vorpal triple crossbow
 O - a +0 arbalest
 V - the +9 quarterstaff of a volcano {vorpal, rN+ Will+ Str+2}
   (Okawaru gifted it to you on level 2 of the Lair of Beasts)

   It inflicts extra damage upon your enemies.
   Str:       It affects your strength (+2).
   rN:        It protects you from negative energy.
   Will:      It increases your willpower.
Missiles
 d - 5 throwing nets (quivered)
 e - 16 javelins
Armour
 f - a +2 cloak of poison resistance
 l - a +1 cloak of stealth
 n - a +2 pair of gloves of strength (worn)
 r - a scarf of resistance (worn)
 v - a +2 plate armour of positive energy (worn)
 x - the +1 pair of boots "Othruttul" (worn) {rPois Will+ MP-9 Dex+3}
   (You bought it in a shop on level 5 of the Dungeon)

   Dex:       It affects your dexterity (+3).
   rPois:     It protects you from poison.
   MP:        It affects your magic capacity (-9).
   Will:      It increases your willpower.
 Y - a +1 hat (worn)
Jewellery
 k - a ring of magical power
 s - a ring of ice
 u - an amulet of regeneration (around neck)
 z - an amulet of the acrobat
 B - a +4 ring of slaying
 D - a ring of positive energy
 E - the ring "Feyv" (right hand) {Fly rC+}
   (You found it in a bailey)

   [ring of flight]

   rC:        It protects you from cold.
   Fly:       It grants you flight.
 I - the ring of Fubez (left hand) {rElec rC+ Slay+4}
   (You found it in a Gauntlet)

   [ring of slaying]

   Slay:      It affects your accuracy & damage with ranged weapons and melee
   (+4).
   rC:        It protects you from cold.
   rElec:     It insulates you from electricity.
 M - a ring of fire
 T - a ring of willpower
 U - a +6 ring of dexterity
 X - an amulet of guardian spirit
Wands
 j - a wand of charming (17)
 C - a wand of roots (13)
 F - a wand of mindburst (14)
 L - a wand of flame (7)
 P - a wand of light (5)
 Q - a wand of polymorph (5)
Scrolls
 o - 3 scrolls of fog
 t - 7 scrolls of fear
 y - 5 scrolls of poison
 A - 3 scrolls of enchant armour
 G - 10 scrolls of teleportation
 K - 5 scrolls of blinking
 N - 4 scrolls of enchant weapon
 R - 2 scrolls of silence
 W - a scroll of amnesia
 Z - 3 scrolls of identify
Potions
 g - 5 potions of cancellation
 h - 7 potions of brilliance
 i - 3 potions of magic
 m - 3 potions of haste
 p - 9 potions of curing
 q - 2 potions of might
 w - a potion of resistance
 J - 3 potions of mutation
 S - 2 potions of berserk rage


   Skills:
 + Level 14.0 Fighting
 + Level 17.2 Staves
 * Level 16.1 Ranged Weapons
 - Level 2.0 Throwing
 + Level 13.7 Armour
 + Level 13.1 Dodging
 + Level 10.2 Invocations


You had 15 spell levels left.
You didn't know any spells.
Your spell library contained the following spells:

 Spells                   Type           Power      Damage    Failure   Level
 Shock                    Conj/Air       0%         1d3       99%         1
 Static Discharge         Conj/Air       0%         3-3/arc   100%        2
 Frozen Ramparts          Ice            0%         1d1       100%        3
 Swiftness                Air            0%         N/A       100%        3
 Airstrike                Air            0%         2d(0-16)  100%        4
 Ice Form                 Ice/Tmut       0%         N/A       100%        4
 Leda's Liquefaction      Hex/Erth       0%         N/A       100%        4
 Passage of Golubria      Tloc           0%         N/A       100%        4
 Fireball                 Conj/Fire      0%         3d3       100%        5
 Lee's Rapid Deconstruct  Erth           0%         3d5*      100%        5
 Lightning Bolt           Conj/Air       0%         1d11      100%        5
 Yara's Violent Unravell  Hex/Tmut       0%         3d3       100%        5
 Starburst                Conj/Fire      0%         6d3       100%        6
 Statue Form              Tmut/Erth      0%         N/A       100%        6
 Ignition                 Fire           0%         3d3       100%        8
 Maxwell's Capacitive Co  Air            0%         ∞         100%        8
 Tukima's Dance           Hex            Unusable   N/A       N/A         3
 Summon Ice Beast         Ice/Summ       Unusable   N/A       N/A         4

Dungeon Overview and Level Annotations

Branches:
Dungeon (14/15)            Temple (1/1) D:7            Lair (5/5) D:11
 Shoals (4/4) Lair:2        Snake (0/4) Lair:2        Slime (0/5) Lair:4
    Orc (0/2) D:11         Vaults (0/5) D:14         Bailey (visited)
Volcano (visited)         Gauntlet (visited)

Altars:
Ashenzari
Cheibriados
Dithmenos
Elyvilon
Fedhas
Gozag
Hepliaklqana
Kikubaaqudgha
Makhleb
Nemelex Xobeh
Okawaru
Qazlal
Ru
Sif Muna
Trog
Uskayaw
Vehumet
Wu Jian
Xom
Yredelemnul
Zin
The Shining One
Jiyva

Shops:
D:2 (   D:5 [   Shoals:2 [

Portals:
Abyss: D:7

Annotations:
D:7 1 transporter, diceflayer's ghost, novice DsGl
Lair:2 exclusion: oklob plant


Innate Abilities, Weirdness & Mutations

You have a pair of horns on your head.
You reflexively headbutt those who attack you in melee.


Message History

The silver javelin pierces through you.
The silver javelin pierces through the harpy!!
The harpy dies!
You closely miss the harpy.
The harpy is severely wounded.
The harpy barely misses you. The harpy completely misses you.
You closely miss the harpy. You headbutt the harpy!
The harpy is almost dead.
The harpy completely misses you. The harpy barely misses you.
The merfolk hits you from afar with a +0 trident.
You hit the harpy.
The harpy is almost dead.
The harpy barely misses you. The harpy misses you.
The merfolk javelineer throws a silver javelin.
The silver javelin pierces through you!
* * * LOW HITPOINT WARNING * * *
x2 You slash the harpy!
You kill the harpy!
Okawaru accepts your kill.
The merfolk throws a boomerang.
The boomerang hits you but does no damage.
The merfolk javelineer throws a silver javelin.
The silver javelin pierces through you!
* * * LOW HITPOINT WARNING * * *
x2 The merfolk barely misses you.
You furiously retaliate!
You headbutt the merfolk!
You see here a harpy corpse.
You completely miss the merfolk.
The merfolk is lightly wounded.
You feel better.
The merfolk javelineer throws a silver javelin.
The silver javelin pierces through you!
* * * LOW HITPOINT WARNING * * *
x2 The merfolk barely misses you.
You feel better.
The merfolk javelineer throws a silver javelin.
The silver javelin pierces through you!!
* * * LOW HITPOINT WARNING * * *
x2 The merfolk hits you with a +0 trident!
You die...

≈~##+##............
≈# ##~~~~..~~~..
#~~~~...~~~.
#~~~...~~~..
#~~~~~~~~~.. ~
##<~#####~...
~~~#####..##(..##...
~~~.......#†....#...
~~~.....†@m†.=..# .~
~~~....†.†#~....#
.~~~....~~##...##
.~~~~~~~m~~#####
.~~~~~~~~~~~~
.~~≈~~~~~~~~..
~~~~≈≈~~~~~.....
~~~~~~~~~~.#...
...~~~~~~~~....


You could see a merfolk javelineer and a merfolk.

Vanquished Creatures
  A minotaur (Gauntlet)
  A dire elephant (Lair:5)
  3 merfolk impalers
  Fannar (D:11)
  Harold (D:9)
  Erolcha (D:9)
  4 vault guards (D:14)
  14 hydras
  A boulder beetle (D:14)
  3 catoblepae (Lair:5)
  An ogre mage (Volcano)
  6 centaur warriors
  3 merfolk aquamancers
  A satyr (Shoals:3)
  2 merfolk avatars (Shoals:1)
  7 two-headed ogres
  2 tengu warriors
  9 death yaks (Lair:5)
  2 death scarabs (Gauntlet)
  2 spectral death yaks (Gauntlet)
  4 skeletal warriors (D:13)
  Lodul (D:11)
  7 sea snakes
  A lindwurm (Lair:1)
  An orc knight (Bailey)
  18 harpies
  Pikel (D:4)
  A necromancer (Gauntlet)
  7 fauns
  A deep elf pyromancer (D:13)
  4 ugly things
  8 cyclopes
  7 manticores
  7 elephants (Lair:5)
  7 black mambas
  A moth of wrath (shapeshifter) (D:14)
  7 merfolk sirens
  Joseph (D:7)
  A torpor snail (Lair:5)
  9 water nymphs
  An unseen horror (D:12)
  2 gargoyles
  5 rime drakes
  A kobold demonologist (D:9)
  8 cane toads
  Maggie (D:7)
  10 komodo dragons
  25 merfolk
  A demonic crawler (Lair:3)
  2 polar bears
  5 trolls
  9 wind drakes
  18 blink frogs
  4 slime creatures (D:12)
  A small abomination (D:7)
  9 dream sheep
  9 snapping turtles
  A spectral black mamba (Gauntlet)
  5 wyverns
  A shadow (D:13)
  5 water elementals
  50 yaks
  4 basilisks
  Eustachio (D:5)
  Grum (D:9)
  3 steam dragons
  6 vampire mosquitoes (D:13)
  Edmund (D:4)
  2 wargs (D:11)
  An acid dragon (D:8)
  5 swamp worms
  7 nagas (Lair:2)
  14 water moccasins
  2 black bears
  2 ice beasts
  18 orc warriors
  9 ogres
  32 wolves
  12 centaurs
  A phantom (D:4)
  2 lemures (D:4)
  5 kobold brigands
  13 bullfrogs
  3 gnoll sergeants
  6 scorpions
  A necrophage (D:7)
  14 wights
  5 killer bees (D:11)
  A howler monkey (D:8)
  2 jellies
  7 orc priests
  A gnoll bouda (D:7)
  3 hounds
  Terence (D:2)
  5 iguanas
  15 orc wizards
  A hell rat (Lair:5)
  5 adders
  20 gnolls
  2 white imps
  2 ufetubi
  3 worms
  3 dart slugs
  53 orcs
  5 bats (D:1)
  6 endoplasms
  2 giant cockroaches
  6 goblins
  8 hobgoblins
  8 jackals
  5 quokkas
  4 ball pythons
  8 frilled lizards
  23 kobolds
  10 rats
711 creatures vanquished.

Vanquished Creatures (others)
  A harpy (Shoals:4)
  An orc (D:8)
  16 fungi
  41 plants
59 creatures vanquished.

Grand Total: 770 creatures vanquished

Notes
Turn   | Place    | Note
-------+----------+-------------------------------------------
     0 | D:1      | Firos the Minotaur Gladiator began the quest for the Orb.
     0 | D:1      | Reached XP level 1. HP: 18/18 MP: 0/0
   152 | D:1      | Reached XP level 2. HP: 25/25 MP: 1/1
   168 | D:1      | Reached skill level 4 in Staves
   242 | D:1      | Reached skill level 1 in Armour
   866 | D:2      | Reached XP level 3. HP: 27/30 MP: 2/2
  1130 | D:2      | Reached XP level 4. HP: 31/38 MP: 3/3
  1376 | D:2      | Noticed Terence
  1382 | D:2      | Killed Terence
  1383 | D:2      | Reached skill level 5 in Staves
  1434 | D:2      | Found Woekot's Weapon Emporium.
  1716 | D:3      | Reached XP level 5. HP: 45/45 MP: 4/4
  1810 | D:3      | Found a shimmering blue altar of Sif Muna.
  2235 | D:4      | Noticed a phantom
  2325 | D:4      | Noticed an ogre
  2332 | D:4      | Killed an ogre
  2350 | D:4      | Noticed an ice beast
  2356 | D:4      | Killed an ice beast
  2357 | D:4      | Reached skill level 6 in Staves
  2357 | D:4      | Reached XP level 6. HP: 52/52 MP: 5/5
  2415 | D:4      | Noticed Pikel
  2428 | D:4      | Killed Pikel
  2429 | D:4      | Reached skill level 5 in Fighting
  2429 | D:4      | Reached skill level 7 in Staves
  2429 | D:4      | Reached skill level 5 in Dodging
  2429 | D:4      | Reached XP level 7. HP: 42/61 MP: 6/6
  2729 | D:4      | Noticed Edmund
  2738 | D:4      | Killed Edmund
  2739 | D:4      | Reached skill level 8 in Staves
  2739 | D:4      | Reached XP level 8. HP: 58/69 MP: 7/7
  2869 | D:5      | Entered Level 5 of the Dungeon
  2935 | D:5      | Identified the +5 long sword of Peploar {protect, rC+ SInv}
  3088 | D:5      | Reached skill level 5 in Armour
  3106 | D:5      | Noticed Eustachio
  3118 | D:5      | Killed Eustachio
  3397 | D:5      | Found Caidalos's Armour Shoppe.
  3408 | D:5      | Bought the +1 pair of boots "Othruttul" {rPois Will+ MP-9
                  | Dex+3} for 150 gold pieces
  3536 | D:5      | Reached skill level 9 in Staves
  3765 | D:6      | Reached skill level 1 in Ranged Weapons
  4103 | D:6      | Reached XP level 9. HP: 70/78 MP: 0/8
  4610 | D:6      | Reached skill level 10 in Staves
  4933 | D:7      | Noticed Maggie
  4945 | D:7      | Killed Maggie
  4997 | D:7      | Noticed Joseph
  5010 | D:7      | Killed Joseph
  5268 | D:7      | Found a staircase to the Ecumenical Temple.
  5281 | Temple   | Entered the Ecumenical Temple
  5289 | Temple   | Became a worshipper of Warmaster Okawaru
  5366 | D:7      | Found a transporter.
  5367 | D:7      | Noticed an ancient zyme
  5402 | D:7      | Found a one-way gate to the infinite horrors of the Abyss.
  5402 | D:7      | Noticed diceflayer's ghost (novice DsGl)
  5409 | D:7      | Noticed a rakshasa
  5431 | D:7      | Reached skill level 5 in Ranged Weapons
  5937 | D:7      | Found a transporter.
  5942 | D:7      | Identified the +6 short sword of Oozing Pus {drain, Fragile
                  | +Blink rElec Str+3}
  6310 | D:8      | Reached skill level 1 in Invocations
  6481 | D:8      | Reached XP level 10. HP: 77/86 MP: 0/9
  6719 | D:8      | Found a flagged portal.
  6731 | D:8      | Reached * piety under Okawaru
  6732 | D:8      | Reached skill level 11 in Staves
  6865 | Bailey   | Entered a bailey
  7405 | Bailey   | Noticed an orc knight
  7421 | Bailey   | HP: 1/88 [orc knight/+0 halberd (24)]
  7426 | Bailey   | Killed an orc knight
  7431 | Bailey   | Reached ** piety under Okawaru
  7439 | Bailey   | Identified the ring "Feyv" {Fly rC+}
  7753 | Bailey   | Acquired a +0 lajatang of electrocution
  8074 | D:8      | Found a bloodstained altar of Trog.
  8755 | D:9      | Reached skill level 12 in Staves
  8797 | D:9      | Found a shadowy altar of Dithmenos.
  9028 | D:9      | Reached *** piety under Okawaru
  9387 | D:9      | Reached XP level 11. HP: 91/95 MP: 3/12
  9419 | D:9      | Noticed Grum
  9427 | D:9      | Killed Grum
  9430 | D:9      | Noticed Harold
  9451 | D:9      | Killed Harold
  9841 | D:10     | Entered Level 10 of the Dungeon
 10077 | D:10     | Noticed Erolcha
 10101 | D:9      | Killed Erolcha
 10101 | D:9      | Reached **** piety under Okawaru
 10406 | D:10     | Noticed a two-headed ogre
 10418 | D:10     | Killed a two-headed ogre
 10773 | D:10     | Found a snail-covered altar of Cheibriados.
 11244 | D:11     | Found a staircase to the Lair.
 11275 | D:11     | Noticed Lodul
 11287 | D:11     | Reached skill level 13 in Staves
 11292 | D:11     | Killed Lodul
 11294 | D:11     | Reached ***** piety under Okawaru
 11401 | D:11     | Noticed Fannar
 11415 | D:11     | Killed Fannar
 11415 | D:11     | Received a gift from Okawaru
 11601 | D:11     | Found a gate leading to a gauntlet.
 11605 | Gauntlet | Entered a Gauntlet
 11605 | Gauntlet | Found a transporter.
 11605 | Gauntlet | Found a transporter.
 11606 | Gauntlet | Noticed a necromancer
 11629 | Gauntlet | Found a transporter.
 11629 | Gauntlet | Found a transporter.
 11639 | Gauntlet | Found a transporter.
 11641 | Gauntlet | Found a transporter.
 11643 | Gauntlet | Noticed a death scarab
 11651 | Gauntlet | Found a transporter.
 11657 | Gauntlet | Noticed a death scarab
 11672 | Gauntlet | Found a transporter.
 11675 | Gauntlet | Noticed an orange crystal statue
 11687 | Gauntlet | Found a transporter.
 11690 | Gauntlet | Found a transporter.
 11698 | Gauntlet | Found a transporter.
 11701 | Gauntlet | Found a transporter.
 11849 | Gauntlet | Killed a necromancer
 12014 | Gauntlet | Killed a death scarab
 12015 | Gauntlet | Reached XP level 12. HP: 69/105 MP: 3/14
 12021 | Gauntlet | Killed a death scarab
 12030 | Gauntlet | Received a gift from Okawaru
 12102 | Gauntlet | Reached skill level 5 in Invocations
 12200 | Gauntlet | Received a gift from Okawaru
 12408 | Gauntlet | Identified the ring of Fubez {rElec rC+ Slay+4}
 12498 | Gauntlet | Noticed a minotaur
 12522 | Gauntlet | Killed a minotaur
 13384 | D:11     | Noticed a six-headed hydra
 13403 | D:11     | Killed a six-headed hydra
 13404 | D:11     | Reached skill level 14 in Staves
 13404 | D:11     | Reached skill level 10 in Ranged Weapons
 13408 | D:11     | Reached skill level 10 in Fighting
 13940 | D:11     | Found a staircase to the Orcish Mines.
 13943 | D:11     | Noticed a six-headed hydra
 13950 | D:11     | Killed a six-headed hydra
 14153 | D:12     | Reached skill level 10 in Armour
 14451 | D:12     | Received a gift from Okawaru
 14642 | D:12     | Noticed a two-headed ogre
 14648 | D:12     | Killed a two-headed ogre
 14766 | D:12     | Noticed a two-headed ogre
 14771 | D:12     | Killed a two-headed ogre
 14771 | D:12     | Received a gift from Okawaru
 14835 | D:12     | Reached XP level 13. HP: 108/114 MP: 7/16
 15194 | D:12     | Reached skill level 10 in Dodging
 15348 | Lair:1   | Entered Level 1 of the Lair of Beasts
 15916 | Lair:1   | Found a dark tunnel.
 15925 | Volcano  | Entered a volcano
 16123 | Lair:1   | Reached skill level 15 in Staves
 16497 | Lair:2   | Identified the +9 quarterstaff of a volcano {vorpal, rN+
                  | Will+ Str+2} (Okawaru gifted it to you on level 2 of the
                  | Lair of Beasts)
 16497 | Lair:2   | Received a gift from Okawaru
 16787 | Lair:2   | Found a staircase to the Shoals.
 16913 | Lair:2   | Found a staircase to the Snake Pit.
 17705 | Lair:3   | Reached ****** piety under Okawaru
 17857 | Lair:3   | Acquired a +3 lajatang of venom
 17893 | Lair:3   | Received a gift from Okawaru
 18368 | Lair:3   | Reached XP level 14. HP: 124/124 MP: 9/18
 18466 | Lair:4   | Found a bloodstained altar of Trog.
 18854 | Lair:4   | Found a viscous altar of Jiyva.
 18854 | Lair:4   | Found a staircase to the Slime Pits.
 19232 | Lair:5   | Entered Level 5 of the Lair of Beasts
 19644 | Lair:5   | Received a gift from Okawaru
 20137 | Lair:5   | Reached skill level 16 in Staves
 20293 | Lair:5   | Received a gift from Okawaru
 20766 | D:13     | Reached XP level 15. HP: 104/134 MP: 11/20
 21491 | D:14     | Found a flickering gateway to a bazaar.
 21517 | Bazaar   | Entered a bazaar
 21531 | Bazaar   | Found Uruisoi's Armour Shoppe.
 21547 | Bazaar   | Found Daduph's Antique Weapon Shoppe.
 21563 | Bazaar   | Found Fopradd's Magic Scroll Emporium.
 21568 | Bazaar   | Bought a scroll of teleportation for 33 gold pieces
 21568 | Bazaar   | Bought a scroll of blinking for 82 gold pieces
 21568 | Bazaar   | Bought a scroll of identify for 22 gold pieces
 21568 | Bazaar   | Bought a scroll of identify for 22 gold pieces
 21568 | Bazaar   | Bought a scroll of enchant weapon for 82 gold pieces
 21642 | Bazaar   | Bought a +2 plate armour of positive energy for 296 gold
                  | pieces
 21778 | D:14     | Found a gate to the Vaults.
 21785 | D:14     | Identified the +6 crystal plate armour of Uturch {Stlth+}
                  | (Okawaru gifted it to you on level 14 of the Dungeon)
 21785 | D:14     | Received a gift from Okawaru
 21993 | D:14     | Identified the +3 quarterstaff of Dishonour {vorpal, rElec}
 22569 | Shoals:1 | Entered Level 1 of the Shoals
 22831 | Shoals:1 | Reached skill level 15 in Ranged Weapons
 23006 | Shoals:1 | Received a gift from Okawaru
 23156 | Shoals:1 | Identified the +5 scale mail "Soigg" {-Tele rF+ Str-3
                  | Dex+8} (Okawaru gifted it to you on level 1 of the Shoals)
 23156 | Shoals:1 | Received a gift from Okawaru
 23929 | Shoals:2 | Identified the +3 rapier "Rookoaxt" {antimagic, Stlth+}
 23955 | Shoals:2 | Found Pamuax's Armour Shoppe.
 23980 | Shoals:2 | Reached XP level 16. HP: 144/144 MP: 13/22
 24710 | Shoals:3 | Reached skill level 17 in Staves
 24814 | Shoals:3 | Reached skill level 10 in Invocations
 25678 | Shoals:4 | Entered Level 4 of the Shoals
 25817 | Shoals:4 | Slain by a merfolk

Illustrated notes

Levels and vault maps discovered:
D:1:      dreamdust_arrival_sigmund_warning, layout_loops_ring,
          serial_park_tiny_pond
D:2:      layout_rooms, serial_shops, shop_statue, uniq_terence
D:3:      layout_basic, lemuel_tele_altar,
          nicolae_concentric_dashed_squares_wild, st_stairs_12,
          serial_bayou_lagoon_a
D:4:      layout_cave_pools, uniq_edmund, uniq_pikel
D:5:      layout_basic, serial_shops, shop_statue, uniq_eustachio
D:6:      layout_loops_corners, nicolae_titane
D:7:      layout_loops_ring, minmay_temple_entry_mini_moons,
          gammafunk_ghost_abyssal_escape, uniq_joseph, uniq_maggie
D:8:      layout_basic, trog_butcher_becter, enter_bailey_2
D:9:      layout_grid_maze, nicolae_dithmenos_shadow_blocks, roderic_lattice_a,
          uniq_grum, uniq_harold
D:10:     layout_cave_pools, cheibriados_altar_1, serial_park,
          serial_park_tiny_pond, serial_park_tiny_1, serial_park_tiny_1,
          serial_park_tiny_1, nicolae_straight_to_the_point, uniq_erolcha
D:11:     layout_roguey, lair_entry_dummy, david_orc_1_choice,
          gauntlet_entry_generic, minmay_between, uniq_fannar, uniq_lodul
D:12:     layout_basic, minmay_curled_crystal
D:13:     layout_basic
D:14:     layout_irregular_city, lightli_vaults_fourway_checkpoint,
          dreamdust_mushroom_princess, serial_shops, bzr_entry_customers
Temple:   dpeg_three_leaves_temple
Lair:1:   layout_roguey, nicolae_volcano_entry_vermiform
Lair:2:   layout_cave_pods, elwin_shoals_entry_stream,
          minmay_snake_entry_guardpost_medium
Lair:3:   layout_regular_city, worms_lemuel, infiniplex_staircase_pool,
          lemuel_fruit_tree
Lair:4:   layout_loops_ring, slime_entry_1, basic_altar
Lair:5:   hangedman_lair_in_review, layout_small_grid, serial_bayou_shore_b
Shoals:1: layout_shoals, nicolae_shoals_water_booths
Shoals:2: layout_shoals, serial_shops, shop_fountains
Shoals:3: layout_shoals, nicolae_shoals_drake_roost
Shoals:4: shoals_end_simple, layout_shoals, shoals_ilsuiw_ice

Skill      XL: |  1  2  3  4  5  6  7  8  9 10 11 12 13 14 15 16 |
---------------+-------------------------------------------------+-----
Staves         | 4 5 6 7 8 9 10 12 13 14 15 16 17 | 17.2
Armour         | 1 2 3 4 5 7 8 9 10 11 12 13 | 13.7
Fighting       | 3 4 5 6 7 8 9 10 11 12 13 14 | 14.0
Dodging        | 4 5 6 7 8 9 10 11 12 13 | 13.1
Ranged Weapons | 2 5 7 9 10 12 14 15 16 | 16.1
Invocations    | 1 3 4 6 7 8 9 10 | 10.2
Throwing       | |  2.0

Action                   |  1- 3 |  4- 6 |  7- 9 | 10-12 | 13-15 | 16-18 || total
-------------------------+-------+-------+-------+-------+-------+-------++-------
Melee: Quarterstaff      |    77 |    67 |   195 |    88 |    22 |       ||   449
       Headbutt          |    12 |    13 |    48 |   133 |   213 |    40 ||   459
       Lajatang          |       |       |       |   442 |   675 |   138 ||  1255
 Fire: Shortbow          |       |       |    13 |    16 |       |       ||    29
       Arbalest          |       |       |       |    95 |    26 |       ||   121
       Longbow           |       |       |       |       |   347 |   103 ||   450
       Triple crossbow   |       |       |       |       |     1 |       ||     1
Invok: Heroism           |       |       |       |     6 |     4 |       ||    10
       Finesse           |       |       |       |       |    10 |     1 ||    11
  Use: Scroll            |     3 |     3 |     9 |     9 |     9 |     1 ||    34
       Potion            |       |       |       |     4 |     2 |     2 ||     8
 Stab: Distracted        |       |       |     1 |     2 |       |       ||     3
       Petrified         |       |       |       |       |     5 |       ||     5
       Petrifying        |       |       |       |       |     4 |       ||     4
Armor: Leather armour    |     9 |       |       |       |       |       ||     9
       Ring mail         |    14 |    19 |    59 |    24 |       |       ||   116
       Plate armour      |       |       |       |   189 |   398 |    96 ||   683
Dodge: Dodged            |    46 |    33 |   139 |   327 |   362 |   143 ||  1050
